Cogmind - Beta 9.4 @@@ ROGUE MODE // 2020.02.18 @ 09:38:08 Player: goblin Result: Destroyed by G-34 Mercenary with Small Laser Performance ------------- Evolutions (0) 0 Regions Visited (1) 200 Robots Destroyed (0) 0 Value Destroyed (0) 0 Prototype IDs (2) 40 Alien Tech Used (0) 0 Bonus (0) 0 TOTAL SCORE: 240 Bonus ------- None Cogmind --------- Core Integrity 0/250 Matter 286/300 Energy 100/100 System Corruption 2% Temperature Cool (6) Movement Core (50) Location -10/Materials Parts ------- > --- POWER (1) -------- (None) > --- PROPULSION (2) --- (None) > --- UTILITY (2) ------ Signal Interpreter > --- WEAPON (2) ------- (None) > --- INVENTORY (4) ---- Wheel Peak State ------------ > --- POWER ------------ Light Ion Engine > --- PROPULSION ------- Aluminum Leg Aluminum Leg > --- UTILITY ---------- Signal Interpreter > --- WEAPON ----------- Small Laser > --- INVENTORY -------- Wheel [Rating: 5] Favorites ----------- Power Light Ion Engine Engine Light Ion Engine Propulsion Aluminum Leg Leg Aluminum Leg Wheel Wheel Utility Signal Interpreter Processor Signal Interpreter Weapon Small Laser Energy Gun Small Laser Build | -11 -10 ------- Run | Scr Mat Slots Evolved . | . . Power . | . . Propulsion . | . . Utility . | . . Weapon . | . . Parts Attached 7 | 5 2 Power 1 | . 1 Engine 1 | . 1 Core . | . . Reactor . | . . Propulsion 4 | 4 . Treads . | . . Leg 2 | 2 . Wheel 2 | 2 . Hover . | . . Flight . | . . Utility 1 | . 1 Device . | . . Storage . | . . Processor 1 | . 1 Hackware . | . . Protection . | . . Artifact . | . . Weapon 1 | 1 . Energy Gun 1 | 1 . Energy Cannon . | . . Ballistic Gun . | . . Ballistic Cannon . | . . Launcher . | . . Special Weapon . | . . Impact Weapon . | . . Slashing Weapon . | . . Piercing Weapon . | . . Special Melee Weapon . | . . Unidentified Prototypes . | . . Parts Lost 4 | . 4 Power 1 | . 1 Propulsion 2 | . 2 Utility . | . . Weapon 1 | . 1 Highest Loss Streak 3 | . 3 Average Slot Usage (%) 60 | . 60 Engine 12 | . 12 Leg 26 | . 26 Processor 10 | . 10 Energy Gun 11 | . 11 Naked Turns . | . . Heaviest Build 4 | 1 4 Greatest Support 20 | 20 20 Greatest Overweight (x) . | . . Average Overweight (x) . | . . Largest Inventory Capacity 4 | 4 4 Average Capacity 4 | 4 4 Most Carried 4 | 4 2 Average Carried . | . 1 Final Capacity 4 | 4 4 Final Carried 1 | 1 1 Class Distribution -------------------- 100% | Mutant Dominant Class ---------------- Mutant | -10/Materials Resources | -11 -10 ----------- Run | Scr Mat Matter Collected 220 | 204 16 Remotely . | . . Salvage Created . | . . Parts . | . . Haulers Intercepted . | . . Recyclers Shooed . | . . Parts Field Recycled . | . . Retrieved Matter . | . . Parts Self-Destructed . | . . Prevented . | . . Kills | -11 -10 ------- Run | Scr Mat Combat Hostiles Destroyed . | . . Classes Destroyed . | . . Best Kill Streak . | . . Combat Bots Only . | . . Max Kills in Single Turn . | . . Gunslinging . | . . Exploded . | . . Melee . | . . Uniques/NPCs Destroyed . | . . Combat | -11 -10 -------- Run | Scr Mat Damage Taken 546 | . 546 Core 254 | . 254 Absorbed by Shields . | . . Core Remaining (%) 100 | 100 . Volleys Fired 1 | . 1 Largest 1 | . 1 Hottest 40 | . 40 Shots Fired 1 | . 1 Gun 1 | . 1 Cannon . | . . Launcher . | . . Special . | . . Kinetic . | . . Thermal 1 | . 1 Explosive . | . . Electromagnetic . | . . Robot Hit Streak 1 | . 1 Robot Miss Streak . | . . Penetration Max . | . . Secondary Targets . | . . Shots Hit Robots 1 | . 1 Core Hits 2 | . 2 Critical Hits . | . . Critical Kills . | . . Critical Parts Destroyed . | . . Melee Attacks . | . . Impact . | . . Slashing . | . . Piercing . | . . Sneak Attacks . | . . Combat Hostiles . | . . Follow-up Attacks . | . . Damage Inflicted 35 | . 35 Guns 12 | . 12 Cannons . | . . Explosions . | . . Melee . | . . Ramming 23 | . 23 Kinetic . | . . Thermal 12 | . 12 Explosive . | . . Electromagnetic . | . . Impact . | . . Slashing . | . . Piercing . | . . Highest Corruption 2 | . 2 Average Corruption 2 | . 2 Corruption Purged . | . . Overload Shots . | . . Overflow Damage . | . . Projectiles . | . . Explosions . | . . Melee . | . . Knockbacks . | . . Impact . | . . Kinetic . | . . Secondary . | . . Self-Inflicted Damage 7 | . 7 Shots . | . . Rammed 3 | . 3 Targets Rammed 5 | . 5 Kicked 2 | . 2 Crushed . | . . Highest Temperature 6 | . 6 Average Temperature 6 | . 6 Received Heat Transfer 288 | . 288 Siege Activations . | . . Robots Corrupted . | . . Combat Hostiles . | . . Parts Fried . | . . Impact Corruptions . | . . Robots Melted . | . . Combat Hostiles . | . . Parts Melted . | . . Heat Transferred 25 | . 25 Parts Sabotaged . | . . Parts Stolen . | . . Parts Stripped . | . . Power Chain Reactions . | . . Missiles Intercepted . | . . Alert | -11 -10 ------- Run | Scr Mat Peak Influence 53 | . 53 Average Influence 22 | . 26 Maximum Alert Level . | . . Low Security (%) 100 | 100 100 Level 1 . | . . Level 2 . | . . Level 3 . | . . Level 4 . | . . Level 5 . | . . High Security . | . . Max Security . | . . Squads Dispatched 3 | . 3 Investigation 2 | . 2 Extermination . | . . Reinforcement 1 | . 1 Assault . | . . Garrison . | . . Intercept . | . . Construction Impeded . | . . Haulers Reinforced . | . . Stealth | -11 -10 --------- Run | Scr Mat Distress Signals . | . . Communications Jammed . | . . Distress Signals . | . . Times Spotted 9 | . 9 Peak Tracking Total 5 | . 5 Tactical Retreats . | . . Traps | -11 -10 ------- Run | Scr Mat Traps Triggered . | . . Indirectly . | . . Trap Hack Attempts . | . . Triggered . | . . Disarmed . | . . Reprogrammed . | . . Reused . | . . Traps Extracted . | . . Installed . | . . Triggered . | . . Machines | -11 -10 ---------- Run | Scr Mat Machines Disabled . | . . Max in Single Turn . | . . Machines Sabotaged . | . . Garrisons Compromised . | . . Overloaded Fab Kills . | . . Fab Network Shutdowns . | . . Hacking | -11 -10 --------- Run | Scr Mat Machines Accessed 3 | . 3 Terminals 3 | . 3 Fabricators . | . . Repair Stations . | . . Recycling Units . | . . Scanalyzers . | . . Garrison Access . | . . Total Hacks 10 | . 10 Successful 9 | . 9 Failed 1 | . 1 Catastrophic . | . . Database Lockouts . | . . Manual . | . . Terminals 10 | . 10 Fabricators . | . . Repair Stations . | . . Recycling Units . | . . Scanalyzers . | . . Garrison Access . | . . Terminal Hacks 9 | . 9 Prototype ID Bank 1 | . 1 Emergency Access Points 1 | . 1 Alert Level 1 | . 1 Locate Traps 1 | . 1 Dispatch Records 2 | . 2 Recall Investigation 2 | . 2 Zone Layout 1 | . 1 Fabricator Hacks . | . . Repair Station Hacks . | . . Recycling Unit Hacks . | . . Scanalyzer . | . . Garrison Access Hacks . | . . Unauthorized Hacks . | . . Terminals . | . . Fabricators . | . . Repair Stations . | . . Recycling Units . | . . Scanalyzers . | . . Garrison Access . | . . Data Cores Recovered . | . . Used . | . . Hacking Detections 2 | . 2 Full Trace Events 2 | . 2 Feedback Events . | . . Feedback Blocked . | . . Robot Schematics Acquired . | . . Robots Built . | . . Matter . | . . Time . | . . Total Robot Build Rating . | . . Part Schematics Acquired . | . . Parts Built . | . . Matter . | . . Time . | . . Total Part Build Rating . | . . Parts Repaired . | . . Time . | . . Parts Recycled . | . . Recycled Matter . | . . Retrieved Matter . | . . Retrieved Components . | . . Parts Scanalyzed . | . . Part Schematics Acquired . | . . Parts Damaged . | . . Bothacking | -11 -10 ------------ Run | Scr Mat Used RIF Installer . | . . Robots Hacked . | . . Non-combat . | . . Combat . | . . Robot Hacks Applied . | . . Relay Couplers Released . | . . Robots Rewired . | . . Allies Hacked . | . . Hacks Repelled . | . . Allies | -11 -10 -------- Run | Scr Mat Total Allies . | . . Largest Group . | . . Highest-Rated Group . | . . Highest-Rated Ally . | . . Total Orders . | . . Ally Attacks . | . . Total Damage . | . . Kills . | . . Allies Corrupted . | . . Allies Melted . | . . Intel | -11 -10 ------- Run | Scr Mat Robot Analysis Total . | . . Derelict Logs Recovered . | . . Drone Launches . | . . Drone Recoveries . | . . Exploration | -11 -10 ------------- Run | Scr Mat Turns Passed 401 | 67 334 Spaces Moved 315 | 47 268 Core 21 | 10 11 Treads . | . . Legs 276 | 19 257 Wheels 18 | 18 . Hover . | . . Flight . | . . Fastest Speed 50 | 50 50 Average Speed 113 | 89 117 Slowest Speed 120 | 120 120 Overloaded Moves . | . . Propulsion Burnouts . | . . Robots Hopped . | . . Cave-ins Triggered . | . . Exploration Rate (%) 12 | 4 21 Regions Visited 1 Branch Regions . Pre-discovered Areas . | . . Known Exits Taken . | . . Unknown Exits Taken 1 | 1 . Scrap Searched . | . . Spaces Dug . | . . Terrain Destroyed . | . . Melee . | . . Projectile . | . . AOE . | . . Actions | -11 -10 --------- Run | Scr Mat Total 359 | 73 286 Wait 21 | 13 8 Move 314 | 46 268 Hop . | . . Pick Up 8 | 6 2 Fast Attach . | . . Attach 7 | 5 2 Detach 1 | 1 . Swap . | . . Drop 2 | 2 . Fire 1 | . 1 Melee . | . . Ram 2 | . 2 Kick 3 | . 3 Crush . | . . Escape Stasis . | . . Rewire . | . . Trap . | . . Miscellaneous . | . . Route ------- -11/Scrapyard -10/Materials History --------- Turn | Location | Event 27 | -11/Scrapyard | Discovered new exit (range 15) 68 | -11/Scrapyard | Entered Materials 306 | -10/Materials | Build established: Mutant 395 | -10/Materials | Core integrity fell below 50% 401 | -10/Materials | Core integrity fell below 20% 402 | -10/Materials | Destroyed by G-34 Mercenary with Small Laser Last Messages --------------- [Achievement: GoHome()] >>Recall(Investigation) Establishing remote squad link... Recalled investigation squad 9BIQ2FQXMG. ALERT: Suspicious activity at Terminal M002. Dispatching Investigation squad. K-01 Serf collects debris. Sml. Laser destroyed. K-01 Serf collects debris. K-01 Serf destroyed. Kicked G-34 Mercenary out of the way. Slammed into G-34 Mercenary. Kicked G-34 Mercenary out of the way. Aluminum Leg destroyed. Acquired 16 matter. Slammed into G-34 Mercenary. Destabilizing: System corrupted (+2). Slammed into G-34 Mercenary. Lgt. Ion Engine destroyed. [Achievement: First Step to Greatness] Map ----- +----------------------------------------------------+ | ???????????????????????????????????????? | | ???????????????????????????????????????? | | ???????????????????????????????????????? | | ???????????????????????????????????????? | | ???????????????????????????????????????? | | ???????????????????????????????????????? | | ???????????????????????????????????????? | | ???????????????????????????????????????? | | ???????????????????????????????????????? | | ???????????????????????????????????????? | | ???????????????????????????????????????? | | ??????????????????????????##+########??? | | ??????????????????????????# #??? | | ??????????????????????????#"" ! #??? | | ?????????????????????^????#"T #??? | | ?????????????????????^????#"" #??? | | ?????????????????????^????+ ![ #??? | | ?????????????????????^????# ! #??? | | ??????????????????????????# #??? | | ??????# ##???????# # #??? | | ??????# #????????#""" ##/########??? | | ??????# ########?#""" ## ########### | | ??????# #######?#""" ## ## ? | | ??????# ########?# ## ## """ "# | | ??????# #???############ s # """ T# | | ?????## #???# + @ + """ "# | | ????? # #???# # g # # | | ????? # #???# # t*! # """ # | | ????? # #???# # g ! # """ # | | ????? # #???# """ # !! # """ # | | ????? # #???# """ + # # | | ????? # #???# """ # ###+###### | | ????? # #???# ###### # # | | ????? # #???# "#????# # T # | | ????? # #???# T#????#gg # # | | ????? # #???# "#????# g # *| # | | ????? # #???# #????# a + *] # | | ????? #???#######????# # * # | | ????? #??????????????# # # | | ????? #???#######????# # # | | ?????####+###### T ###### # | # | | ?????# ## + ########## | | ?????#""" ## # # # | | ?????#""" ## # #""" # | | ?????#""" ## # #""" # | | ?????# ## """ + #""" ! # | | ?????#""" " ## """ # + # | | ?????#""" T ## """ ###+## #""" # | | ?????#""" " ## ## # #""" # | | ?????# ## ## #####""" # | +----------------------------------------------------+ Best States ------------- Heat Dissipation 25 Energy Generation 10 Energy Capacity 125 Matter Stores 286 Matter Capacity 300 Sight Range 16 Terrain Scan Density 10 Evasion (%) 50 Item Schematics ----------------- None Robot Schematics ------------------ None Fabricated ------------ Nothing Alien Tech Used ----------------- None Achievements -------------- First Step to Greatness GoHome() Challenges ------------ None Game ------ Seed NuclearBombardmentRouter Manual? 0 Play Time 00:11:07 Cumulative 0.6 hours Start 2020.02.18 @ 09:27:15 End 2020.02.18 @ 09:38:08 Sessions 1 Manual Loads 0 Difficulty Rogue Special Mode None Game No. 4 Rogue 4 Adventurer 0 Explorer 0 Win Type - Total 0 Types 0/0/0/0/0/0/0 Lore% 0 Gallery% 1 Achievement% 1 Wizard Run 0 Options --------- ASCII 0 Keyboard 0 Movement Numpad Keybinds 0 Fullscreen 1 Font 18/X11 Map View 76x50 Tactical HUD 0 Map Filters NONE Filters NONE Steam 1 RUN: b67c2bf1-9dcc-4544-870e-886834a63817